 Dungeon Crawl Stone Soup version 0.28-a0-1435-g82390b3a13 (webtiles) character file.

Game seed: 16010741115115115176

5175 voltaire321 the Covert (level 10, -1/64 HPs)
             Began as a Kobold Delver on Jan 10, 2022.
             Slain by an efreet (15 damage)
             ... on level 9 of the Dungeon.
             The game lasted 00:41:25 (11191 turns).

voltaire321 the Covert (Kobold Delver)             Turns: 11191, Time: 00:41:26

Health: -1/64      AC: 12    Str:  9    XL:     10   Next: 90%
Magic:  15/15      EV: 21    Int: 13    God:
Gold:   474        SH:  0    Dex: 25    Spells: 11/15 levels left

rFire   . . .      SeeInvis .   a - +1 short sword (drain)
rCold   . . .      Faith    .   (no shield)
rNeg    . . .      Spirit   .   r - +0 troll leather armour {Pargi}
rPois   .          Reflect  .   x - +0 helmet
rElec   .          Harm     .   (no cloak)
rCorr   .          Rampage  .   y - +2 pair of gloves
Will    +....                   l - +2 pair of boots "Qeyla" {Will+ Dex+5}
Stlth   ++++++....              F - amulet of magic regeneration
HPRegen 1.00/turn               (no ring)
MPRegen 0.54/turn               (no ring)

@: studying Long Blades
A: small, no large weapons, nightstalker 3
a: no special abilities


You were on level 9 of the Dungeon.
You visited 2 branches of the dungeon, and saw 11 of its levels.
You also visited: Sewer.

You collected 474 gold pieces.

Inventory:

Hand Weapons
 a - a +1 short sword of draining (weapon)
 d - a +2 quick blade
Missiles
 k - 21 poisoned darts (quivered)
 K - 10 boomerangs
 L - a throwing net
Armour
 h - a +1 chain mail of cold resistance
 l - the +2 pair of boots "Qeyla" (worn) {Will+ Dex+5}
   (You acquired it on level 9 of the Dungeon)

   Dex:       It affects your dexterity (+5).
   Will:      It increases your willpower.
 r - a +0 troll leather armour (worn) {Pargi}
 x - a +0 helmet (worn)
 y - a +2 pair of gloves (worn)
Jewellery
 F - an amulet of magic regeneration (around neck)
Wands
 g - a wand of digging (2)
 H - a wand of paralysis (11)
 I - a wand of mindburst (16)
Scrolls
 b - 3 scrolls of noise
 c - 2 scrolls of fog
 e - a scroll of fear
 n - a scroll of enchant weapon
 q - a scroll of immolation
 z - 2 scrolls of teleportation
 E - a scroll of amnesia
Potions
 f - a potion of haste
 j - a potion of flight
 p - a potion of magic {unknown}
 s - a potion of might
 t - 3 potions of mutation
 B - 2 potions of ambrosia {unknown}
 C - a potion of degeneration {unknown}
 D - 2 potions of berserk rage
 G - 2 potions of brilliance
 J - a potion of heal wounds {unknown}


   Skills:
 + Level 7.8 Fighting
 + Level 9.1 Short Blades
 - Level 5.0 Armour
 + Level 8.0 Dodging
 + Level 11.4 Stealth
 + Level 3.4 Spellcasting
 + Level 0.4 Summonings
 + Level 3.4 Translocations


You had 11 spell levels left.
You knew the following spells:

 Your Spells              Type           Power      Damage    Failure   Level
a - Blink                 Tloc           22%        N/A       11%         2
b - Call Imp              Summ           3%         N/A       34%         2

Your spell library contained the following spells:

 Spells                   Type           Power      Damage    Failure   Level
 Apportation              Tloc           22%        N/A       7%          1
 Lesser Beckoning         Tloc           11%        N/A       22%         3
 Summon Small Mammal      Summ           12%        N/A       24%         1
 Animate Skeleton         Necr           4%         N/A       28%         1
 Beastly Appendage        Tmut           4%         N/A       28%         1
 Magic Dart               Conj           8%         1d3       28%         1
 Wereblood                Tmut           2%         N/A       41%         2
 Mephitic Cloud           Conj/Pois/Air  2%         N/A       65%         3
 Spider Form              Tmut/Pois      2%         N/A       65%         3
 Manifold Assault         Tloc           11%        N/A       89%         5


Dungeon Overview and Level Annotations

Branches:
Dungeon (10/15)            Temple (1/1) D:7            Lair (0/6) D:9
  Sewer (visited)
    Orc: D:9-12

Altars:
Ashenzari
Cheibriados
Dithmenos
Elyvilon
Fedhas
Gozag
Kikubaaqudgha
Makhleb
Okawaru
Qazlal
Ru
Sif Muna
Trog
Uskayaw
Vehumet
Wu Jian
Xom
Yredelemnul
The Shining One

Annotations:
D:6 Menkaure


Innate Abilities, Weirdness & Mutations

You are small and have problems with some larger weapons.
You are completely attuned to the shadows.


Message History

As you read the scroll labelled FUOXAM ZUTRAUSUHEC, it crumbles to dust.
Wisps of shadow whirl around you...
It was a scroll of summoning.
You swap places.
You swap places.
Your wight dissolves into shadows!
You see here 17 stones.
The orc priest miscasts a cantrip.
Found a staircase to the Lair.
The orc priest looks encouraged for a moment.
You hit the orc priest but do no damage.
You drain the orc priest.
The orc priest is moderately wounded.
The orc priest hits you with a +0 flail.
You hit the orc priest. You drain the orc priest.
The orc priest is severely wounded.
Your wight hits the orc priest with a +4 long sword!
The orc priest dies!
Your howler monkey dissolves into shadows!
Your wight dissolves into shadows!
You hit the fungus but do no damage. You hit the fungus.
The fungus begins to die.
You drain the fungus.
The fungus is lightly damaged.
Your howler monkey hits the fungus.
Your howler monkey hits the fungus.
Your yak gores the fungus!
There is a staircase to the Lair here.
Your howler monkey hits the fungus.
Your yak gores the fungus!!
Your howler monkey hits the fungus!
Your yak gores the fungus!
A nearby fungus withers and dies.
The efreet gestures at you.
The fireball explodes!
The fireball engulfs you!!
Your yak dissolves into shadows!
The efreet gestures at you.
The bolt of fire hits your howler monkey!!
Your howler monkey dies!
Your howler monkey's corpse dissolves into shadows!
The bolt of fire hits you!!
Ouch! That really hurt!
* * * LOW HITPOINT WARNING * * *
The efreet hits you with a +4 scimitar of flaming!
You die...

......# #......##....o..#
......# #......##o####..#
......###......##.# ##.##
..†.....#......##.# #.o##
#'##....#......##.# #.#.###
.......[#.........## #.#.Ro#
#.......#.......P..####.#.#○#.
........#........P......#...☼.
##.....#........@RP.####....#☼
.'..............P.P.........☼○
##...................###'##.#.
##.......P........... .... ...
........P..........P.P....o ..
...........P.....P.. .......
....... P......... .......
....>..P.P..## .......
..P...........


You could see an efreet.

Vanquished Creatures
  A komodo dragon (D:9)
  A kobold demonologist (D:9)
  2 hornets (D:8)
  A wyvern (D:7)
  Edmund (D:6)
  4 orc warriors
  Pargi (Sewer)
  2 ice beasts (D:5)
  3 black bears
  A necrophage (D:5)
  3 sky beasts
  4 centaurs
  8 bullfrogs
  A gnoll sergeant (D:8)
  4 scorpions
  2 water moccasin zombies
  2 water moccasin skeletons (D:6)
  3 wights
  4 howler monkeys
  A bullfrog zombie (D:5)
  4 bullfrog skeletons
  A gnoll shaman (Temple)
  6 orc priests
  4 hounds
  2 jellies (D:5)
  Jessica (D:2)
  4 orc wizards
  3 iguanas
  A killer bee zombie (D:9)
  8 gnolls
  A howler monkey skeleton (D:6)
  6 adders
  3 white imps
  An ufetubus (D:5)
  A worm (D:5)
  2 adder skeletons (D:4)
  An adder zombie (D:4)
  4 dart slugs
  21 orcs
  5 endoplasms
  2 giant cockroaches
  4 goblins
  7 hobgoblins
  4 jackals
  8 kobolds
  A quokka (D:4)
  8 ball pythons
  10 bats
  7 frilled lizards
  4 rats
183 creatures vanquished.

Vanquished Creatures (collateral kills)
  An orc priest (D:9)
1 creature vanquished.

Vanquished Creatures (others)
  Psyche (D:8)
  An orc wizard (D:8)
  An adder (D:5)
  48 fungi (D:9)
  49 plants (D:9)
100 creatures vanquished.

Grand Total: 284 creatures vanquished

Notes
Turn   | Place    | Note
-------+----------+-------------------------------------------
     0 | D:5      | voltaire321 the Kobold Delver began the quest for the Orb.
     0 | D:5      | Reached XP level 1. HP: 14/14 MP: 1/1
    92 | D:4      | Noticed an iguana
   203 | D:4      | Reached XP level 2. HP: 15/19 MP: 2/2
   591 | D:4      | Reached XP level 3. HP: 4/23 MP: 3/3
   854 | D:3      | Found a glowing drain.
   860 | Sewer    | Entered a sewer
   914 | Sewer    | Noticed Pargi
   925 | Sewer    | Killed Pargi
   926 | Sewer    | Reached skill level 1 in Armour
   926 | Sewer    | Reached skill level 7 in Stealth
   926 | Sewer    | Reached XP level 4. HP: 22/29 MP: 4/4
   926 | Sewer    | Reached XP level 5. HP: 25/33 MP: 5/5
  1552 | D:1      | Found a faded altar of an unknown god.
  2094 | D:2      | Reached XP level 6. HP: 28/38 MP: 6/6
  2148 | D:2      | Noticed Jessica
  2157 | D:2      | Killed Jessica
  2630 | D:3      | Learned a level 2 spell: Blink
  3569 | D:4      | Reached XP level 7. HP: 44/44 MP: 8/8
  3756 | D:5      | Reached skill level 1 in Spellcasting
  3756 | D:5      | Reached skill level 1 in Translocations
  3861 | D:5      | Reached skill level 8 in Stealth
  4136 | D:5      | Reached skill level 5 in Short Blades
  4386 | D:5      | Reached skill level 5 in Fighting
  4386 | D:5      | Reached XP level 8. HP: 49/49 MP: 9/9
  4778 | D:5      | Reached skill level 5 in Dodging
  5034 | D:5      | Found a burning altar of Makhleb.
  5523 | D:6      | Reached skill level 9 in Stealth
  5607 | D:6      | Noticed Edmund
  5611 | D:6      | Killed Edmund
  5869 | D:6      | Reached XP level 9. HP: 51/55 MP: 10/10
  5958 | D:6      | Noticed Menkaure
  6295 | D:7      | Found a staircase to the Ecumenical Temple.
  6307 | Temple   | Entered the Ecumenical Temple
  6323 | Temple   | Reached skill level 10 in Stealth
  6958 | D:6      | HP: 2/56 [poisoned by a water moccasin]
  7942 | D:8      | Noticed a hornet
  7952 | D:8      | Killed a hornet
  7953 | D:8      | Reached XP level 10. HP: 40/62 MP: 13/13
  8475 | D:8      | Found an ancient bone altar of Kikubaaqudgha.
  8724 | D:8      | Found a white marble altar of Elyvilon.
  9009 | D:8      | Noticed Psyche
  9019 | D:8      | Killed Psyche
  9020 | D:8      | Reached skill level 11 in Stealth
  9358 | D:9      | Noticed a komodo dragon
  9378 | D:9      | Noticed an efreet
  9530 | D:9      | Killed a komodo dragon
  9681 | D:9      | Noticed a kobold demonologist
 10169 | D:9      | Paralysed by a hornet for 1 turns
 10178 | D:8      | Paralysed by a hornet for 1 turns
 10188 | D:8      | Reached skill level 5 in Armour
 10695 | D:9      | Learned a level 2 spell: Call Imp
 10811 | D:9      | Killed a kobold demonologist
 10816 | D:10     | Entered Level 10 of the Dungeon
 11134 | D:9      | Identified 2 scrolls of acquirement
 11134 | D:9      | Acquired a +2 quick blade
 11136 | D:9      | Acquired the +2 pair of boots "Qeyla" {Will+ Dex+5}
 11174 | D:9      | Found a staircase to the Lair.
 11191 | D:9      | Slain by an efreet

Illustrated notes

Levels and vault maps discovered:
D:1:      amcnicky_arrival_single_pillar, layout_loops_ring,
          nicolae_ecumenical_snake_handling
D:2:      layout_rooms, uniq_jessica
D:3:      layout_loops_ring, nicolae_overflow_hidden_temple,
          portal_sewer_entry_d
D:4:      layout_loops_ring, st_stairs_14, serial_bayou_pond_e,
          hangedman_minor_gate_pass
D:5:      layout_layer_cave, lightli_temple_of_fire, lemuel_old_faithful
D:6:      layout_basic, nicolae_elevator_lobby_asterisk, uniq_menkaure,
          uniq_edmund
D:7:      layout_cave_pools, minmay_temple_entry_wispy,
          ebering_dispersal_statue_hall
D:8:      layout_basic, mainiacjoe_overflow_catwalk_spiral, uniq_psyche
D:9:      layout_basic, due_lair_maze_entry_diamond
D:10:     minmay_goldmine, layout_loops_corners, marbit_many_paths
Temple:   eino_temple_scatter_basement

Skill      XL: |  1  2  3  4  5  6  7  8  9 10 |
---------------+-------------------------------+-----
Short Blades   | 3 4 5 6 8 9 |  9.1
Fighting       | 4 5 7 |  7.8
Armour         | 1 2 3 4 5 |  5.0
Dodging        | 3 4 5 7 8 |  8.0
Stealth        | 7 8 9 10 11 | 11.4
Spellcasting   | 1 2 3 |  3.4
Translocations | 1 2 3 |  3.4
Summonings     | |  0.4

Action                   |  1- 3 |  4- 6 |  7- 9 | 10-12 || total
-------------------------+-------+-------+-------+-------++-------
Melee: Short sword       |   108 |   213 |   673 |   390 ||  1384
       Punch             |       |     5 |     9 |     8 ||    22
       Unarmed           |       |       |       |     5 ||     5
Throw: Dart              |       |       |    51 |   146 ||   197
       Boomerang         |       |       |       |     6 ||     6
Evoke: Wand              |       |       |       |     9 ||     9
  Use: Scroll            |     2 |       |       |    19 ||    21
       Potion            |       |       |     5 |     2 ||     7
 Stab: Sleeping          |     4 |    36 |    22 |     2 ||    64
Armor: Chain mail        |    75 |     2 |       |       ||    77
       Troll leather arm |       |    35 |   141 |   113 ||   289
Dodge: Dodged            |    32 |   132 |   484 |   451 ||  1099

Table legend: (Time is in decaauts)
 A = Elapsed time spent in this place.
 B = Non-inter-level travel time spent in this place.
 C = Inter-level travel time spent in this place.
 D = Time resting spent in this place.
 E = Time spent auto-exploring this place.
 F = Levels seen in this place.
 G = Mean time per level.
                   A        B        C        D        E       F      G
               +--------+--------+--------+--------+--------+-----+--------+
         Total |  10856 |  10465 |    391 |   1207 |   5079 |  12 |  904.7 |
       Dungeon |  10253 |   9909 |    344 |   1127 |   4815 |  10 | 1025.3 |
        Temple |    349 |    302 |     47 |     24 |    192 |   1 |  349.0 |
         Sewer |    253 |    253 |      0 |     56 |     72 |   1 |  253.0 |
               +--------+--------+--------+--------+--------+-----+--------+

Top non-repeatable levels by time:
     D:8: 2353 daAuts
     D:5: 1733 daAuts
     D:4: 1339 daAuts
     D:9: 895 daAuts
     D:7: 842 daAuts
     D:3: 807 daAuts
     D:6: 802 daAuts
     D:1: 776 daAuts
     D:2: 511 daAuts
  Temple: 349 daAuts
   Sewer: 253 daAuts
    D:10: 191 daAuts
